 Dungeon Crawl Stone Soup version 0.18-a0-1685-g4482fe3 (webtiles) character file.

542 Heskey the Sneak (level 7, -7/36 HPs)
             Began as a Spriggan Assassin on Apr 4, 2016.
             Shot with an arrow by a centaur (12 damage)
             ... on level 4 of the Dungeon.
             The game lasted 00:05:47 (4106 turns).

Heskey the Sneak (Spriggan Assassin)                Turns: 4106, Time: 00:05:48

Health: -7/36      AC:  5    Str:  6 (7)  XL:     7   Next: 6%
Magic:  8/8        EV: 21    Int: 11 (12) God:
Gold:   188        SH:  0    Dex: 19 (20) Spells: 0 memorised, 6 levels left

rFire  . . .     SeeInvis +     p - +2 rapier
rCold  . . .     Gourm    .     c - +2 robe
rNeg   . . .     Faith    .     (shield restricted)
rPois  .         Spirit   .     (helmet restricted)
rElec  .         Dismiss  .     d - +0 cloak
rCorr  .         Reflect  .     (gloves unavailable)
SustAt .         Harm     .     (boots unavailable)
MR     +....                    (no amulet)
Stlth  ++++......               (no ring)
                                (no ring)

@: very quick, somewhat resistant to hostile enchantments, stealthy
A: unfitting armour, see invisible, herbivore 3, speed 3, slow metabolism 2
a: no special abilities


You were on level 4 of the Dungeon.
You were full.

You visited 1 branch of the dungeon, and saw 4 of its levels.
You also visited: Sewer.

You collected 188 gold pieces.

Inventory:

Hand Weapons
 a - a +2 dagger
 b - a +0 blowgun
 p - a +2 rapier (weapon)
Missiles
 e - 35 poisoned needles
 f - 2 curare-tipped needles
Armour
 c - a +2 robe (worn)
 d - a +0 cloak (worn)
Scrolls
 j - 4 scrolls of identify
 k - a scroll of fear
Potions
 h - a potion of lignification
 i - 7 potions of heal wounds
 l - 3 potions of might
 m - a potion of haste
 o - a potion of brilliance
 q - a potion of flight
 s - a potion of curing
Books
 r - a book of Geomancy

   Spells                             Type                      Level
   a - Sandblast                      Earth                        1
   b - Passwall                       Transmutation/Earth          2
   c - Stone Arrow                    Conjuration/Earth            3
   d - Petrify                        Transmutation/Earth          4
   e - Lee's Rapid Deconstruction     Earth                        5
Comestibles
 g - a bread ration


   Skills:
 * Level 3.4 Fighting
 * Level 4.5 Short Blades
 + Level 3.3 Throwing
 * Level 5.5 Dodging
 + Level 6.8 Stealth


You had 6 spell levels left.
You didn't know any spells.

Dungeon Overview and Level Annotations

Branches:
Dungeon (4/15)
 Temple: D:4-7

Altars:
Qazlal


Innate Abilities, Weirdness & Mutations

You are tiny and cannot use many weapons and most armour.
You have supernaturally acute eyesight.
You are a herbivore.
You cover ground extremely quickly.
You need consume almost no food.


Message History

The adder misses you.
You hit the adder.
The adder is severely wounded.
The adder closely misses you.
A centaur comes into view.
The centaur shouts!
You hit the adder.
You kill the adder!
The centaur wields a shortbow.
The centaur shoots an arrow.
The arrow misses you. The jackal completely misses you.
The centaur shoots an arrow.
The arrow barely misses you.
You see here an arrow.
Found a scale mail.
The centaur shoots an arrow.
The arrow misses you.
You see here an arrow.
The centaur shoots an arrow.
The arrow hits you.
* * * LOW HITPOINT WARNING * * *
You see here an arrow.
The centaur shoots an arrow.
The arrow hits you!
You die...

# #.#.#...#
. #.#..#...
# #.c......
# #...#####
# #.#..#..
# #.#...#
#h#..####
#.......#.#
###((@...#
######...#
##


You could see a centaur and a jackal.

Vanquished Creatures
  Sigmund (D:2)
  2 big kobolds (Sewer)
  A scorpion (D:3)
  Natasha (twice) (D:3)
  Robin (D:3)
  3 adders
  A dart slug (D:1)
  2 giant geckos
  2 orcs (D:3)
  9 bats
  9 giant cockroaches
  7 hobgoblins
  9 jackals
  2 quokkas (D:3)
  3 ball pythons
  5 giant newts
  10 goblins
  20 kobolds
  12 rats
101 creatures vanquished.

Notes
Turn   | Place    | Note
--------------------------------------------------------------
     0 | D:1      | Heskey the Spriggan Assassin began the quest for the Orb.
     0 | D:1      | Reached XP level 1. HP: 10/10 MP: 2/2
   147 | D:1      | Reached skill level 6 in Stealth
   234 | D:1      | Reached XP level 2. HP: 2/15 MP: 3/3
  1696 | D:2      | Noticed Sigmund
  1703 | D:2      | Killed Sigmund
  1703 | D:2      | Reached XP level 3. HP: 19/19 MP: 4/4
  1703 | D:2      | Reached XP level 4. HP: 23/23 MP: 5/5
  1703 | D:2      | Reached XP level 5. HP: 27/27 MP: 6/6
  2287 | D:2      | Found a stormy altar of Qazlal.
  2642 | D:3      | Found a glowing drain.
  2660 | Sewer    | Entered a sewer
  2715 | Sewer    | Reached XP level 6. HP: 25/32 MP: 7/7
  3158 | Sewer    | Reached skill level 5 in Dodging
  3809 | D:3      | Noticed Natasha
  3823 | D:3      | Killed Natasha
  3983 | D:3      | Noticed Natasha
  3995 | D:3      | Killed Natasha
  3995 | D:3      | Reached XP level 7. HP: 26/36 MP: 8/8
  4044 | D:3      | Noticed Robin
  4057 | D:3      | Killed Robin
  4106 | D:4      | Shot with an arrow by a centaur

Vault maps used:
D:1:      evilmike_arrival_hilbert_curve
D:2:      grunt_qazlal_sundering, uniq_sigmund
D:3:      portal_sewer_entry_b, uniq_natasha, uniq_robin
D:4:      marbit_many_paths, grunt_pakellas_basics, first_bread,
          minmay_misc_feat_diagonals
Sewer:    kennysheep_pipe_town

Skill      XL: |  1  2  3  4  5  6 |
---------------+-------------------+-----
Stealth        | 6 |  6.8
Dodging        | 2 4 5 |  5.5
Fighting       | 2 3 |  3.4
Short Blades   | 3 4 |  4.5
Throwing       | 3 |  3.3

Action                   |  1- 3 |  4- 6 |  7- 9 || total
-------------------------+-------+-------+-------++-------
Melee: Dagger            |    86 |   124 |       ||   210
       Rapier            |       |   138 |    33 ||   171
  Use: Potion            |       |    10 |       ||    10
       Scroll            |       |     7 |       ||     7
 Stab: Sleeping          |     6 |    21 |     2 ||    29
       Distracted        |       |     1 |       ||     1
  Eat: Bread ration      |       |     1 |       ||     1
